 Dungeon Crawl Stone Soup version 0.23.2-33-g5129a83184 (webtiles) character file.

Game seed: 5474928678643969162

112477 senseless the Black Belt (level 15, -1/136 HPs)
             Began as a Troll Monk on June 26, 2019.
             Was the Champion of Jiyva.
             Slain by a mana viper (4 damage)
             ... on level 2 of the Snake Pit on June 28, 2019.
             The game lasted 01:53:26 (24124 turns).

senseless the Black Belt (Troll Monk)              Turns: 24124, Time: 01:53:27

Health: -1/136     AC: 17    Str: 12    XL:     15   Next: 77%
Magic:  3/16       EV: 23    Int: 11    God:    Jiyva [******]
Gold:   1798       SH:  0    Dex: 34    Spells: 14/14 levels left

rFire    . . .     SeeInvis .     - Unarmed
rCold    . . .     Gourm    +   (no shield)
rNeg     + . .     Faith    .   n - +4 steam dragon scales
rPois    +         Spirit   .   (helmet restricted)
rElec    .         Reflect  .   M - +1 cloak of Kemofi {rN+ Int+3}
rCorr    +         Harm     .   (gloves unavailable)
MR       ++...                  (boots unavailable)
Stlth    +++++.....             H - amulet of Vuekhat {Acrobat Fragile +Inv Str-3 Dex+8}
HPRegen  0.72/turn              Y - ring of protection from magic
MPRegen  0.15/turn              O - ring of Res Nullius {*Slow rPois Int+3 Slay+5}

@: no status effects
A: large, unfitting armour, beak, claws 3, slimy green scales 1, fast metabolism
3, gourmand, high mp 1, regeneration 1, shaggy fur 1, tough skin 3, tendrils
}: 1/15 runes: slimy
a: Request Jelly, Slimify, Cure Bad Mutation, Renounce Religion, Evoke
Invisibility


You were on level 2 of the Snake Pit.
You worshipped Jiyva.
Jiyva was exalted by your worship.
You were very full.

You visited 6 branches of the dungeon, and saw 32 of its levels.
You also visited: Gauntlet.

You collected 2002 gold pieces.
You spent 204 gold pieces at shops.

Inventory:

Missiles
 c - 4 exploding tomahawks (quivered)
Armour
 n - +4 steam dragon scales (worn)
 s - a +1 cloak
 A - the +1 large shield of the Forest {rF+ rN+ Int+4 Dex+3}
   (You acquired it on level 4 of the Lair of Beasts)

   It affects your intelligence (+4).
   It affects your dexterity (+3).
   It protects you from fire.
   It protects you from negative energy.
 B - a +2 robe of the Archmagi
 M - the +1 cloak of Kemofi (worn) {rN+ Int+3}
   (You acquired it on level 4 of the Lair of Beasts)

   It affects your intelligence (+3).
   It protects you from negative energy.
 U - a +1 robe of magic resistance
Jewellery
 a - an uncursed amulet of rage
 d - an uncursed ring of fire
 i - an uncursed ring of positive energy
 l - an uncursed ring of magical power
 m - an uncursed amulet of guardian spirit
 w - a +3 ring of dexterity
 G - an uncursed ring of magical power
 H - the amulet of Vuekhat (around neck) {Acrobat Fragile +Inv Str-3 Dex+8}
   (You found it on level 5 of the Pits of Slime)

   [amulet of the acrobat]

   It helps you evade while moving and waiting.
   It affects your strength (-3).
   It affects your dexterity (+8).
   It lets you turn invisible.
   It will be destroyed if unequipped.
 J - an uncursed ring of protection from cold
 K - an uncursed ring of see invisible
 O - the ring of Res Nullius (right claw) {*Slow rPois Int+3 Slay+5}
   (You found it in a Gauntlet)

   [ring of poison resistance]

   It affects your intelligence (+3).
   It affects your accuracy and damage with ranged weapons and melee attacks
   (+5).
   It protects you from poison.
   It may slow you when you take damage.
 P - an uncursed ring of protection from cold
 V - an uncursed ring of ice
 W - an uncursed ring of stealth
 X - an uncursed ring of fire
 Y - a ring of protection from magic (left claw)
Wands
 r - a wand of clouds (3)
 u - a wand of enslavement (10)
 D - a wand of flame (38)
 L - a wand of digging (6)
 R - a wand of scattershot (4)
 Z - a wand of disintegration (18)
Scrolls
 f - 5 scrolls of teleportation
 g - 3 scrolls of amnesia
 j - 4 scrolls of blinking
 p - 9 scrolls of remove curse
 q - 9 scrolls of enchant weapon
 y - 8 scrolls of fog
 C - 2 scrolls of fear
 F - 2 scrolls of magic mapping
 N - a scroll of immolation {unknown}
Potions
 e - 5 potions of curing
 h - 5 potions of cancellation
 k - 2 potions of brilliance
 t - 5 potions of invisibility
 v - 2 potions of resistance
 x - 2 potions of lignification
 z - 3 potions of might
 E - a potion of magic
 I - a potion of flight
 Q - a potion of agility
Comestibles
 b - 45 rations


   Skills:
 + Level 6.2 Fighting
 + Level 11.1 Dodging
 + Level 7.2 Stealth
 + Level 2.0 Shields
 + Level 20.4 Unarmed Combat
 + Level 1.7 Evocations


You had 14 spell levels left.
You didn't know any spells.
Your spell library contained the following spells:

 Spells                   Type           Power        Failure   Level  Hunger
 Animate Skeleton         Necr           N/A          34%         1    ##.....
 Apportation              Tloc           #.....       34%         1    ##.....
 Confusing Touch          Hex            #.....       34%         1    ##.....
 Corona                   Hex            #......      34%         1    ##.....
 Sandblast                Erth           #.....       34%         1    ##.....
 Summon Small Mammal      Summ           #...         34%         1    ##.....
 Passwall                 Tmut/Erth      #.......     47%         2    ###....
 Slow                     Hex            #.......     47%         2    ###....
 Call Canine Familiar     Summ           #.......     71%         3    ####...
 Inner Flame              Hex/Fire       #.......     71%         3    ####...
 Ozocubu's Armour         Chrm/Ice       #.......     71%         3    ####...
 Portal Projectile        Hex/Tloc       #.....       71%         3    ####...
 Stone Arrow              Conj/Erth      #.....       71%         3    ####...
 Cause Fear               Hex            #.........   98%         4    #####..
 Leda's Liquefaction      Hex/Erth       #.........   98%         4    #####..
 Petrify                  Tmut/Erth      #.......     98%         4    #####..
 Sticky Flame             Conj/Fire      #.......     98%         4    #####..
 Lee's Rapid Deconstruct  Erth           #.........   100%        5    ######.
 Lightning Bolt           Conj/Air       #.........   100%        5    ######.
 Silence                  Hex/Air        #.........   100%        5    ######.
 Ozocubu's Refrigeration  Ice            #.........   100%        6    #######
 Malign Gateway           Summ/Tloc      #.........   100%        7    #######


Dungeon Overview and Level Annotations

Branches:
Dungeon (15/15)            Temple (1/1) D:5            Lair (6/6) D:10
  Swamp (0/4) Lair:2        Snake (3/4) Lair:4        Slime (5/5) Lair:6
    Orc (2/2) D:9          Vaults (0/5) D:13         Depths (0/5) D:15
    Elf: Orc:2

Altars:
Ashenzari
Cheibriados
Dithmenos
Elyvilon
Fedhas
Gozag
Hepliaklqana
Kikubaaqudgha
Makhleb
Nemelex Xobeh
Okawaru
Qazlal
Ru
Sif Muna
Trog
Uskayaw
Vehumet
Wu Jian
Xom
Yredelemnul
Zin
The Shining One
Jiyva

Shops:
D:5 *   D:6 *   D:11 *   D:15 [   Snake:2 *


Innate Abilities, Weirdness & Mutations

You are too large for most types of armour.
You have claws for hands.
Your metabolism is lightning-fast.
You like to eat raw meat.
Your natural rate of healing is unusually fast.
You are covered in fur. (AC +1)
You have extremely tough skin. (AC +3)
You have a beak for a mouth.
You are partially covered in slimy green scales. (AC +2)
You have an increased reservoir of magic. (+10% MP)
You are covered in slimy tendrils that may disarm your opponents.


Message History

The black mamba is almost dead.
The black mamba completely misses you. The mana viper barely misses you.
The black mamba bites you!
* * * LOW HITPOINT WARNING * * *
You scratch the black mamba.
You kill the black mamba!
The black mamba completely misses you. The mana viper completely misses you.
You mangle the black mamba!! You peck the black mamba.
The black mamba is severely wounded.
The black mamba completely misses you.
You mangle the black mamba!!
You kill the black mamba!
The mana viper closely misses you.
You hear a slurping noise.
Jiyva appreciates your sacrifice.
You feel a little less hungry.
You feel your power returning.
You feel better.
You closely miss the mana viper. You peck the mana viper.
The mana viper is lightly wounded.
The mana viper bites you.
You die...

##.........## #...#
............############...#
.....###...................######
.....# ##...)..#######.....^....#
....########...# #...######.#
.....JJJ.J...#########...#####...
.#########...................#...
.# #....##J..###.....##.... ##
##...##@†.# #.....##.###
#...##S..###.....##.# ####
##########.......##.# ...#
#.###...##.# ...# ##### ####.#
#...##.# ...# #...# ###.J..#
####...# #### ####...###...####
#...# ######..........###
##...### .........##.....#
#...^...


You could see a mana viper and a neutral jelly (fellow slime).

Vanquished Creatures
  Saint Roka (Snake:2)
  Aizul (Snake:2)
  An orc warlord (D:9)
  A stone giant (D:9)
  A minotaur (Gauntlet)
  8 vault guards (D:13)
  5 hydras
  A naga warrior (Snake:1)
  2 catoblepae (Lair:6)
  3 anacondas
  Erica (D:8)
  5 two-headed ogres
  2 centaur warriors
  A death knight (D:12)
  5 death yaks (Lair:6)
  2 tengu warriors (D:15)
  A vampire mage (D:15)
  4 naga sharpshooters
  A shock serpent (Snake:1)
  An orc high priest (Orc:1)
  4 skeletal warriors (D:15)
  A sea snake (Snake:1)
  An unseen horror (D:14)
  A wizard (Gauntlet)
  An orange crystal statue (Gauntlet)
  Pikel (D:8)
  An orc knight (Orc:1)
  2 necromancers
  A wolf spider zombie (D:13)
  2 deep elf magi
  7 ugly things
  4 mana vipers
  An oklob plant (Lair:6)
  An orc sorcerer (Orc:1)
  3 salamanders
  5 cyclopes
  A tengu skeleton (D:15)
  4 manticores
  Maurice (D:8)
  8 elephants
  Joseph (D:8)
  15 black mambas
  3 centaur zombies
  9 spiny frogs
  5 naga magi (Snake:1)
  A torpor snail (Lair:6)
  A gargoyle (D:15)
  10 komodo dragons
  2 guardian mummies (D:15)
  7 trolls
  2 hornets (Lair:6)
  Grinder (D:5)
  18 blink frogs
  2 raiju (Gauntlet)
  2 dream sheep (Lair:6)
  9 hippogriffs
  A shadow (D:15)
  2 wraiths
  A deep troll skeleton (D:15)
  23 yaks
  3 wyverns
  A steam dragon (D:8)
  A hungry ghost (D:12)
  5 vampire mosquitoes
  4 basilisks
  6 humans (D:7)
  10 nagas
  4 wargs
  10 water moccasins
  6 porcupines
  24 orc warriors
  3 ice beasts
  A swamp drake (D:9)
  A slave (D:8)
  3 sky beasts
  2 black bears
  2 phantoms
  A necrophage (D:12)
  13 ogres
  14 wolves
  19 centaurs
  7 crocodiles
  2 big kobolds
  10 bullfrogs
  A water moccasin zombie (D:9)
  2 gnoll sergeants
  3 wyvern skeletons
  3 scorpions
  A water moccasin skeleton (D:8)
  12 killer bees
  5 howler monkeys
  7 wights
  3 electric eels
  15 crimson imps
  7 hounds
  2 quasits
  3 bullfrog zombies
  6 orc priests
  Crazy Yiuf (D:4)
  A gnoll shaman (D:5)
  6 jellies
  3 centaur skeletons
  15 orc wizards
  7 bullfrog skeletons
  3 iguanas
  Natasha (thrice) (D:2)
  2 lightning spires (Gauntlet)
  10 worker ants
  5 yak simulacra (Lair:4)
  2 polar bear simulacra (Lair:4)
  4 wolf simulacra (Lair:4)
  A hound zombie (D:9)
  2 hound skeletons
  A worker ant zombie (D:8)
  A howler monkey skeleton (D:11)
  13 gnolls
  13 adders
  8 shadow imps
  A white imp (Gauntlet)
  9 oozes
  2 adder skeletons (D:4)
  6 worms
  3 dart slugs
  7 leopard geckos
  85 orcs
  5 ball pythons
  6 giant cockroaches
  4 hobgoblins
  7 jackals
  8 quokkas
  A ball python zombie (D:5)
  5 bats
  A frilled lizard (D:1)
  3 goblins
  A jackal skeleton (D:4)
  7 kobolds
  A leopard gecko skeleton (D:8)
  A leopard gecko zombie (D:8)
  A quokka skeleton (D:5)
  A quokka zombie (D:7)
  8 rats
  A fungus (D:4)
709 creatures vanquished.

Vanquished Creatures (collateral kills)
  A death yak (Lair:6)
1 creature vanquished.

Vanquished Creatures (others)
  A frost giant skeleton (D:15)
  A centaur zombie (D:15)
  A black mamba (Snake:1)
  A tengu conjurer (D:15)
  3 blink frogs (Lair:6)
  A fire dragon skeleton (D:15)
  A naga (Snake:2)
  An acid dragon (D:13)
  An eye of draining (D:15)
  2 slaves (D:8)
  2 centaurs (D:13)
  An ogre (D:13)
  A scorpion (D:13)
  3 wights (D:14)
  41 jellies
  A bullfrog zombie (D:13)
  A hound (D:12)
  2 orc wizards
  An iguana (D:14)
  A worker ant (D:8)
  5 orcs
  2 fungi
  4 plants
  A withered plant (D:15)
79 creatures vanquished.

Grand Total: 789 creatures vanquished

Notes
Turn   | Place    | Note
-------+----------+-------------------------------------------
     0 | D:1      | senseless the Troll Monk began the quest for the Orb.
     0 | D:1      | Reached XP level 1. HP: 22/22 MP: 0/0
   179 | D:1      | Reached XP level 2. HP: 27/29 MP: 1/1
   558 | D:2      | Reached XP level 3. HP: 36/36 MP: 2/2
   559 | D:2      | Noticed Natasha
   565 | D:2      | Killed Natasha
   729 | D:2      | Found a shattered altar of Ashenzari.
   758 | D:2      | Noticed Natasha
   764 | D:2      | Reached XP level 4. HP: 44/44 MP: 3/3
   768 | D:2      | Killed Natasha
   768 | D:2      | Reached skill level 4 in Unarmed Combat
   775 | D:2      | Noticed Natasha
   782 | D:2      | Killed Natasha
   816 | D:2      | Found a faded altar of an unknown god.
   915 | D:2      | Reached XP level 5. HP: 49/52 MP: 4/4
  1308 | D:2      | Gained mutation: Your flesh is heat resistant. (rF+)
                  | [potion of mutation]
  1308 | D:2      | Gained mutation: You possess an exceptional clarity of
                  | mind. [potion of mutation]
  1309 | D:2      | Lost mutation: Your flesh is heat resistant. (rF+) [potion
                  | of mutation]
  1309 | D:2      | Lost mutation: You possess an exceptional clarity of mind.
                  | [potion of mutation]
  1309 | D:2      | Gained mutation: You are clumsy. (Dex -2) [potion of
                  | mutation]
  1309 | D:2      | Gained mutation: Scrolls take you a little longer to read.
                  | [potion of mutation]
  1309 | D:2      | Gained mutation: You are weak. (Str -2) [potion of
                  | mutation]
  1309 | D:2      | Gained mutation: Your skin changes colour to match your
                  | surroundings (Stealth+). [potion of mutation]
  1623 | D:3      | Lost mutation: Scrolls take you a little longer to read.
                  | [potion of mutation]
  1623 | D:3      | Lost mutation: You are weak. (Str -2) [potion of mutation]
  1623 | D:3      | Lost mutation: You are clumsy. (Dex -2) [potion of
                  | mutation]
  1623 | D:3      | Gained mutation: You are partially covered in large bone
                  | plates. (SH +4) [potion of mutation]
  1623 | D:3      | Gained mutation: You are partially covered in molten
                  | scales. (AC +2) [potion of mutation]
  1771 | D:3      | Reached skill level 5 in Unarmed Combat
  2033 | D:4      | Reached XP level 6. HP: 40/59 MP: 2/5
  2238 | D:4      | Reached skill level 6 in Unarmed Combat
  2489 | D:4      | Reached XP level 7. HP: 62/67 MP: 6/6
  2716 | D:4      | Found a runed translucent door.
  2717 | D:4      | Noticed Crazy Yiuf
  2723 | D:4      | Killed Crazy Yiuf
  2782 | D:5      | Entered Level 5 of the Dungeon
  2782 | D:5      | Found Lucvol's General Store.
  2815 | D:5      | Reached skill level 7 in Unarmed Combat
  2895 | D:5      | Found a staircase to the Ecumenical Temple.
  2938 | D:5      | Noticed Grinder
  2953 | D:5      | Killed Grinder
  3010 | D:5      | Reached XP level 8. HP: 62/75 MP: 5/7
  3185 | D:5      | Reached skill level 8 in Unarmed Combat
  3375 | D:6      | Reached skill level 5 in Dodging
  3409 | D:6      | Reached skill level 9 in Unarmed Combat
  3596 | D:5      | Bought a +3 ring of dexterity for 204 gold pieces
  3736 | D:6      | Reached XP level 9. HP: 76/83 MP: 8/8
  3797 | D:6      | Found Ugadwat's Assorted Antiques.
  4596 | D:7      | Reached skill level 10 in Unarmed Combat
  5360 | D:8      | Noticed Joseph
  5377 | D:8      | Killed Joseph
  5377 | D:8      | Reached skill level 11 in Unarmed Combat
  5377 | D:8      | Reached XP level 10. HP: 87/92 MP: 7/9
  5509 | D:8      | Noticed Pikel
  5523 | D:8      | Killed Pikel
  5711 | D:8      | Noticed Erica
  5727 | D:8      | Killed Erica
  5994 | D:8      | Noticed Maurice
  6003 | D:8      | Reached skill level 12 in Unarmed Combat
  6014 | D:8      | Killed Maurice
  6749 | D:9      | Found a transporter.
  6764 | D:9      | Noticed a stone giant
  6766 | D:9      | Found a transporter.
  6803 | D:9      | Reached XP level 11. HP: 80/101 MP: 10/10
  6938 | D:9      | Found a viscous altar of Jiyva.
  7074 | D:9      | Reached skill level 13 in Unarmed Combat
  7127 | D:9      | Found a staircase to the Orcish Mines.
  7348 | D:9      | Killed a stone giant
  7573 | D:10     | Entered Level 10 of the Dungeon
  7734 | Temple   | Entered the Ecumenical Temple
  8134 | D:10     | Found a staircase to the Lair.
  8509 | D:10     | Found a blossoming altar of Fedhas.
  8588 | D:10     | Noticed a two-headed ogre
  8601 | D:10     | Killed a two-headed ogre
  8775 | D:11     | Found Esiaj's Mass Market.
  8808 | D:11     | Reached skill level 14 in Unarmed Combat
  8965 | D:11     | Noticed a purple ugly thing
  8971 | D:11     | Noticed a red ugly thing
  8979 | D:11     | Killed a purple ugly thing
  8989 | D:11     | Killed a red ugly thing
  9000 | D:11     | Noticed a two-headed ogre
  9035 | D:11     | Killed a two-headed ogre
  9511 | Lair:1   | Entered Level 1 of the Lair of Beasts
  9518 | Lair:1   | Reached XP level 12. HP: 110/110 MP: 11/11
  9725 | Lair:1   | Reached skill level 5 in Stealth
 10061 | Lair:1   | Reached skill level 15 in Unarmed Combat
 10068 | Lair:1   | Reached skill level 5 in Fighting
 10678 | Lair:2   | Found a staircase to the Swamp.
 11377 | Lair:3   | Noticed an eight-headed hydra
 11383 | Lair:3   | Killed an eight-headed hydra
 11817 | Lair:4   | Noticed a six-headed hydra
 11824 | Lair:4   | Killed a six-headed hydra
 12044 | Lair:4   | Found a staircase to the Snake Pit.
 12064 | Lair:4   | Reached skill level 1 in Evocations
 12355 | Lair:4   | Reached skill level 16 in Unarmed Combat
 12498 | Lair:4   | Reached XP level 13. HP: 118/118 MP: 12/12
 12910 | Lair:4   | Identified a scroll of acquirement
 12913 | Lair:4   | Got a polished large shield
 13865 | Lair:5   | Identified the +1 large shield of the Forest {rF+ rN+ Int+4
                  | Dex+3} (You acquired it on level 4 of the Lair of Beasts)
 13891 | Lair:6   | Entered Level 6 of the Lair of Beasts
 14054 | Lair:6   | Reached skill level 1 in Shields
 14433 | Lair:6   | Reached skill level 17 in Unarmed Combat
 14930 | Lair:6   | Found a staircase to the Slime Pits.
 15320 | Lair:6   | Reached XP level 14. HP: 128/128 MP: 14/14
 15338 | Lair:6   | Identified Fonapas's Handbook of the Escort and the Blaze
 15423 | Slime:1  | Entered Level 1 of the Pits of Slime
 15475 | Slime:1  | Found a viscous altar of Jiyva.
 15483 | Slime:1  | Became a worshipper of Jiyva Juidd the Shapeless
 15483 | Slime:1  | Reached * piety under Jiyva
 15483 | Slime:1  | Reached ** piety under Jiyva
 15617 | Slime:2  | Noticed an acid blob
 15681 | Slime:2  | Noticed an acid blob
 15682 | Slime:2  | Noticed an azure jelly
 15691 | Slime:2  | Noticed an azure jelly
 15697 | Slime:2  | Noticed an acid blob
 15701 | Slime:2  | Noticed an azure jelly
 15857 | Slime:2  | Noticed an acid blob
 15913 | Slime:3  | Noticed an acid blob
 15930 | Slime:3  | Noticed an acid blob
 15937 | Slime:3  | Noticed an acid blob
 15942 | Slime:3  | Noticed an acid blob
 15948 | Slime:3  | Noticed an azure jelly
 16250 | Slime:4  | Noticed an azure jelly
 16342 | Slime:5  | Entered Level 5 of the Pits of Slime
 16342 | Slime:5  | Noticed an azure jelly
 16431 | Slime:5  | Noticed an acid blob
 16433 | Slime:5  | Noticed an acid blob
 16458 | Slime:5  | Noticed an azure jelly
 16496 | Slime:5  | Noticed an acid blob
 16502 | Slime:5  | Noticed an azure jelly
 16507 | Slime:5  | Noticed an acid blob
 16517 | Slime:5  | Found a viscous altar of Jiyva.
 16519 | Slime:5  | Found the +0 sword of Power
 16554 | Slime:5  | Noticed an acid blob
 16556 | Slime:5  | Noticed an acid blob
 16914 | Orc:1    | Entered Level 1 of the Orcish Mines
 16959 | Orc:1    | Noticed an orc warlord
 16983 | D:9      | Killed an orc warlord
 16983 | D:9      | Reached skill level 10 in Dodging
 17243 | Orc:2    | Entered Level 2 of the Orcish Mines
 17288 | D:9      | Reached *** piety under Jiyva
 17416 | D:12     | Lost mutation: You are partially covered in large bone
                  | plates. (SH +4) [Jiyva's grace]
 17469 | D:12     | Found a gate leading to a gauntlet.
 17490 | Gauntlet | Entered a Gauntlet
 17490 | Gauntlet | Found a transporter.
 17490 | Gauntlet | Found a transporter.
 17494 | Gauntlet | Found a transporter.
 17495 | Gauntlet | Found a transporter.
 17495 | Gauntlet | Found a transporter.
 17497 | Gauntlet | Found a transporter.
 17505 | Gauntlet | Found a transporter.
 17538 | Gauntlet | Reached skill level 18 in Unarmed Combat
 17581 | Gauntlet | Found a transporter.
 17612 | Gauntlet | Got a faintly glowing brass ring
 17618 | Gauntlet | Identified the ring of Res Nullius {*Slow rPois Int+3
                  | Slay+5} (You found it in a Gauntlet)
 17656 | Gauntlet | Found a transporter.
 17700 | Gauntlet | Found a transporter.
 17781 | Gauntlet | Found the +27 Lear's hauberk
 17932 | D:12     | Found an opulent altar of Gozag.
 18174 | D:12     | Gained mutation: You are somewhat resistant to further
                  | mutation. [Jiyva's grace]
 18177 | D:12     | Reached **** piety under Jiyva
 18519 | D:13     | Gained mutation: Your spells are a little easier to cast,
                  | but a little less powerful. [Jiyva's grace]
 18532 | D:13     | Reached ***** piety under Jiyva
 18580 | D:13     | Found an iron altar of Okawaru.
 18581 | D:13     | Found the +6 shillelagh "Devastator" {shatter}
 18632 | D:13     | Found a gate to the Vaults.
 18689 | D:13     | Lost mutation: Your spells are a little easier to cast, but
                  | a little less powerful. [Jiyva's grace]
 18838 | D:13     | Gained mutation: You are partially covered in yellow
                  | scales. (AC +2) [Jiyva's grace]
 19669 | D:14     | Lost mutation: Your skin changes colour to match your
                  | surroundings (Stealth+). [Jiyva's grace]
 19757 | D:14     | Reached ****** piety under Jiyva
 19846 | D:14     | Gained mutation: Scrolls take you a little longer to read.
                  | [Jiyva's grace]
 19917 | D:14     | Reached skill level 19 in Unarmed Combat
 20334 | D:15     | Entered Level 15 of the Dungeon
 20386 | D:15     | Found a staircase to the Depths.
 20395 | D:15     | Reached XP level 15. HP: 136/136 MP: 15/15
 20836 | D:15     | Gained mutation: You are resistant to hostile enchantments.
                  | (MR+) [Jiyva's grace]
 20993 | D:15     | Found Cuurch's Armour Boutique.
 21103 | D:15     | Gained mutation: You are agile. (Dex +2) [Jiyva's grace]
 21811 | Slime:5  | Gained mutation: You have acidic saliva. [Jiyva's grace]
 21818 | Slime:5  | Lost mutation: You have acidic saliva. [Jiyva's grace]
 21843 | Slime:5  | Got a smoking jade amulet
 21857 | Slime:5  | Got a slimy rune of Zot
 21866 | Slime:5  | Identified Cuapomap's Almanac of Floating Ice
 21969 | Lair:6   | Identified the amulet of Vuekhat {Acrobat Fragile +Inv
                  | Str-3 Dex+8} (You found it on level 5 of the Pits of Slime)
 22104 | Snake:1  | Entered Level 1 of the Snake Pit
 22111 | Lair:4   | Got a bloodstained cloak
 22122 | Lair:4   | Identified the +1 cloak of Kemofi {rN+ Int+3} (You acquired
                  | it on level 4 of the Lair of Beasts)
 22336 | Snake:1  | Lost mutation: You are partially covered in yellow scales.
                  | (AC +2) [Jiyva's grace]
 22366 | Snake:1  | Lost mutation: You are resistant to hostile enchantments.
                  | (MR+) [Jiyva's grace]
 22579 | Snake:1  | HP: 4/136 [shock serpent/bolt of electricity (19)]
 23247 | Snake:1  | Lost mutation: Scrolls take you a little longer to read.
                  | [Jiyva's power]
 23248 | Snake:1  | Lost mutation: You are agile. (Dex +2) [potion of mutation]
 23248 | Snake:1  | Lost mutation: You are somewhat resistant to further
                  | mutation. [potion of mutation]
 23248 | Snake:1  | Gained mutation: You are partially covered in slimy green
                  | scales. (AC +2) [potion of mutation]
 23248 | Snake:1  | Gained mutation: You have sharp toenails. [potion of
                  | mutation]
 23249 | Snake:1  | Lost mutation: You have sharp toenails. [potion of
                  | mutation]
 23249 | Snake:1  | Lost mutation: You are partially covered in molten scales.
                  | (AC +2) [potion of mutation]
 23249 | Snake:1  | Gained mutation: You are partially covered in molten
                  | scales. (AC +2) [potion of mutation]
 23290 | Snake:2  | Noticed Aizul
 23330 | Snake:2  | Reached skill level 20 in Unarmed Combat
 23386 | Snake:2  | Gained mutation: You have an increased reservoir of magic.
                  | (+10% MP) [Jiyva's grace]
 23399 | Snake:2  | Noticed Saint Roka
 23439 | Snake:2  | HP: 5/136 [Saint Roka/divine providence (11)]
 23440 | Snake:2  | Killed Saint Roka
 23530 | Snake:2  | Lost mutation: You are partially covered in molten scales.
                  | (AC +2) [Jiyva's grace]
 23557 | Snake:2  | Gained mutation: You have a beak for a mouth. [Jiyva's
                  | grace]
 23658 | Snake:2  | Found Arir's Assorted Antiques.
 23885 | Snake:2  | Gained mutation: You are covered in slimy tendrils that may
                  | disarm your opponents. [Jiyva's grace]
 23941 | Snake:2  | Killed Aizul
 24113 | Snake:2  | HP: 2/136 [black mamba (13)]
 24120 | Snake:2  | HP: 1/136 [black mamba (11)]
 24124 | Snake:2  | Slain by a mana viper

Skill      XL: |  1  2  3  4  5  6  7  8  9 10 11 12 13 14 15 |
---------------+----------------------------------------------+-----
Dodging        | 3 4 5 6 7 8 9 10 11 | 11.1
Unarmed Combat | 4 5 6 7 9 11 12 14 16 17 19 20 | 20.4
Fighting       | 3 4 5 6 |  6.2
Stealth        | 2 3 4 6 7 |  7.2
Evocations     | 1 |  1.7
Shields        | 1 2 |  2.0

Action                   |  1- 3 |  4- 6 |  7- 9 | 10-12 | 13-15 || total
-------------------------+-------+-------+-------+-------+-------++-------
Melee: Unarmed           |    64 |   167 |   327 |   720 |   992 ||  2270
       Punch             |     1 |     1 |    17 |    54 |   137 ||   210
       Peck              |       |       |       |       |    18 ||    18
Throw: Tomahawk          |       |       |     1 |       |       ||     1
Invok: Cure Bad Mutation |       |       |       |       |     1 ||     1
Evoke: Wand              |       |       |       |    13 |     8 ||    21
       Phantom mirror    |       |       |       |       |     1 ||     1
  Use: Scroll            |     2 |    11 |    10 |     9 |    12 ||    44
       Potion            |       |     3 |     2 |     2 |    14 ||    21
 Stab: Sleeping          |     2 |     5 |    10 |    29 |    22 ||    68
       Distracted        |       |       |     1 |     4 |     4 ||     9
  Eat: Chunk             |    12 |    16 |    27 |    65 |    67 ||   187
       Ration            |       |       |       |       |     1 ||     1
Armor: Robe              |    24 |    64 |   151 |    24 |       ||   263
       Steam dragon scal |       |       |       |   193 |   255 ||   448
Dodge: Dodged            |    38 |    81 |   217 |   466 |   603 ||  1405
Block: Other             |       |    16 |    71 |   107 |    52 ||   246
